Penguins vs Predators
Created - January 3, 2022 at 19:17
Goals
|
| Penguins |
0 |
3 |
0 |
0 |
0 |
3 |
| Predators |
1 |
1 |
1 |
0 |
2 |
4 |
|
Shots
|
| Penguins |
13 |
10 |
9 |
0 |
2 |
32 |
| Predators |
14 |
7 |
8 |
1 |
2 |
30 |
|
1st period
1. Predators , Ryan Mcdonagh 1 (Alexander Edler 3) at 14:30 (PP)
Penalties :
Justin Faulk (Nas) for Holding (Minor) at 4:08, Keith Aulie (Pit) for Roughing (Minor) at 9:23, Cal Clutterbuck (Pit) for Hooking (Minor) at 10:05, Keith Aulie (Pit) for Roughing (Minor) at 14:17, Mikael Granlund (Nas) for Hooking (Minor) at 19:43
2nd period
2. Predators , Jaden Schwartz 4 (Mikael Granlund 8, Justin Faulk 7) at 5:41
3. Penguins , Steven Stamkos 9 (Oliver Ekman-Larsson 5, Nikita Kucherov 10) at 6:40 (PP)
4. Penguins , Teuvo Teravainen 4 (Will Butcher 3, Keith Aulie 3) at 12:16
5. Penguins , Nikita Kucherov 7 (Steven Stamkos 11) at 17:39
Penalties :
Oliver Ekman-Larsson (Pit) for Hooking (Minor) at 1:09, Brad Boyes (Nas) for Roughing (Minor) at 6:25, Keith Aulie (Pit) for Roughing (Minor) at 7:32
3rd period
6. Predators , Alexander Edler 2 (Ryan Mcdonagh 6, Ryan Kesler 6) at 7:34 (PP)
Penalties :
Radko Gudas (Pit) for Hooking (Minor) at 6:35, Nate Schmidt (Nas) for Holding Stick (Minor) at 12:02, Scott Laughton (Nas) for High sticking (Minor) at 15:13, Derek Stepan (Pit) for Hooking (Minor) at 17:45
Overtime #1
No Goal
Penalties :
No Penalty
Shootout
Penguins, Steven Stamkos - Shot Misses the Net
Predators, Alexander Ovechkin - Goal!
Penguins, Nikita Kucherov - Shot Misses the Net
Predators, Mikael Granlund - Goal!
Penalties :
No Penalty
Goalie Stats
Cam Talbot (Pit), 27 saves from 30 shots - (0.900), OTL, 0-1-1, 65:00 minutes
Kari Lehtonen (Nas), 29 saves from 32 shots - (0.906), W, 4-1-0, 65:00 minutes
Players Stats for Penguins
Player Name G A P +/- PIM S H SB GA TA FO MP PP MP PK MP
------------------------------------------------------------------------------------
Andrew Cogliano 0 0 0 0 0 3 2 2 0 0 2/2 21:40 4:25 0:53
Brandon Tanev 0 0 0 0 0 0 1 0 0 0 0/0 7:04 0:00 0:00
Cal Clutterbuck 0 0 0 0 2 1 0 0 1 0 0/0 14:04 0:00 4:35
Derek Stepan 0 0 0 1 2 6 2 1 0 0 5/8 18:36 3:13 1:14
Jason Zucker 0 0 0 1 0 1 3 0 1 0 0/1 16:54 3:13 0:00
Jeff Skinner 0 0 0 0 0 0 1 0 1 0 0/0 13:30 5:16 0:00
Joe Colborne 0 0 0 0 0 1 0 0 0 0 3/5 10:34 0:00 2:08
Keith Aulie 0 1 1 1 6 1 1 0 1 0 0/0 20:17 2:22 2:02
Lars Eller 0 0 0 0 0 1 1 0 0 0 1/1 7:11 0:00 0:07
Marcus Foligno 0 0 0 0 0 2 1 0 0 0 2/4 14:23 2:22 3:09
Nikita Kucherov 1 1 2 0 0 2 1 0 0 0 0/1 19:03 4:25 0:00
Oliver Ekman-Larsson 0 1 1 1 2 4 0 2 1 1 0/0 30:37 5:15 4:39
Olli Maatta 0 0 0 -1 0 1 1 1 0 0 0/0 15:03 0:00 3:07
Radko Gudas 0 0 0 0 2 2 1 0 0 1 0/0 19:05 0:00 3:27
Sean Zimmerman 0 0 0 1 0 0 2 5 1 6 0/0 26:26 0:00 5:47
Steven Stamkos 1 1 2 0 0 4 0 0 2 0 13/38 26:10 4:25 4:42
Teuvo Teravainen 1 0 1 1 0 3 1 0 0 1 0/0 17:04 3:13 0:00
Will Butcher 0 1 1 0 0 0 0 0 0 0 0/0 11:05 0:00 0:00
Players Stats for Predators
Player Name G A P +/- PIM S H SB GA TA FO MP PP MP PK MP
------------------------------------------------------------------------------------
Alexander Edler 1 1 2 -1 0 3 1 1 1 1 0/0 31:16 5:36 4:30
Alexander Ovechkin 0 0 0 -1 0 3 2 1 1 0 1/1 22:48 5:04 0:58
Andy Miele 0 0 0 0 0 2 2 0 1 0 14/24 21:54 3:56 4:33
Brad Boyes 0 0 0 0 2 1 2 0 1 0 1/2 17:31 4:03 0:58
Chris Higgins 0 0 0 0 0 1 1 0 1 0 0/0 7:54 0:00 0:00
Denis Grebeshkov 0 0 0 0 0 0 0 0 0 0 0/0 11:55 0:00 0:44
Jack Eichel 0 0 0 0 0 1 1 0 0 0 0/1 8:12 0:00 0:00
Jaden Schwartz 1 0 1 0 0 6 2 1 0 1 0/0 19:26 4:03 2:07
John Moore 0 0 0 0 0 1 2 2 0 1 0/0 23:24 3:41 3:08
Justin Abdelkader 0 0 0 0 0 3 0 1 0 0 0/0 8:31 0:10 0:00
Justin Faulk 0 1 1 0 2 1 2 2 0 1 0/0 19:24 3:41 0:00
Mark Pysyk 0 0 0 0 0 0 1 0 0 0 0/0 13:25 0:00 4:33
Mikael Granlund 0 1 1 -1 2 2 2 1 2 0 2/2 21:02 5:14 0:00
Mike Brown 0 0 0 0 0 0 0 0 0 2 0/1 12:34 0:17 2:07
Nate Schmidt 0 0 0 0 2 1 0 2 0 1 0/0 13:18 0:00 2:24
Ryan Kesler 0 1 1 -1 0 0 3 0 0 1 15/27 20:09 5:04 0:00
Ryan Mcdonagh 1 1 2 -1 0 3 3 2 2 0 0/0 31:16 5:36 4:30
Scott Laughton 0 0 0 0 2 2 1 0 0 0 1/2 7:45 0:00 0:00
3 Stars
1 - Ryan Mcdonagh (Nas)
2 - Nikita Kucherov (Pit)
3 - Alexander Edler (Nas)
Power Play
Penguins - 1 on 5 Attempt(s) - 20.00%
Predators - 2 on 7 Attempt(s) - 28.57%
Penalty Kill
Penguins - 5 on 7 Attempt(s) - 71.43%
- Score 0 goal in Penalty Kill
Predators - 4 on 5 Attempt(s) - 80.00%
- Score 0 goal in Penalty Kill
Team Stat
Penguins - Hits : 18 - Faceoff Wins : 26 - Blocked Shots : 11 - Penalty Minutes : 14
Predators - Hits : 25 - Faceoff Wins : 34 - Blocked Shots : 13 - Penalty Minutes : 10
Official
Referees : Brandon Schrader and Brian Pochmara
Linesman : Steve Miller and James Tobias
Game Notes
No Game Note
Finance
Level 1 -- Attendance: 5458 (90.97%) -- Ticket Income $545,800
Level 2 -- Attendance: 5000 (100.00%) -- Ticket Income $300,000
Level 3 -- Attendance: 1864 (93.20%) -- Ticket Income $65,240
Level 4 -- Attendance: 4000 (100.00%) -- Ticket Income $100,000
Luxury Box -- Attendance: 922 (92.20%) -- Ticket Income $184,400
Game was played at the Bridgestone arena.
Total Attendance: 17244 (95.80%)
Total Ticket Income: $1,195,440
Other Income: $179,316
Total Income: $1,374,756
Penguins
5 vs 5 Forward
Center Left Wing Right Wing Time % Phy DF OF
1 Steven Stamkos Andrew Cogliano Nikita Kucherov 40 1 2 2
2 Derek Stepan Jason Zucker Teuvo Teravainen 30 1 2 2
3 Joe Colborne Jeff Skinner Cal Clutterbuck 20 1 2 2
4 Lars Eller Brandon Tanev Marcus Foligno 10 1 2 2
5 vs 5 Defense
Defense Defense Time % Phy DF OF
1 Sean Zimmerman Oliver Ekman-Larsson 40 1 2 2
2 Keith Aulie Radko Gudas 30 1 2 2
3 Olli Maatta Will Butcher 20 1 2 2
4 Sean Zimmerman Oliver Ekman-Larsson 10 1 2 2
PowerPlay Forward
Center Left Wing Right Wing Time % Phy DF OF
1 Steven Stamkos Andrew Cogliano Nikita Kucherov 60 1 2 2
2 Derek Stepan Jason Zucker Teuvo Teravainen 40 1 2 2
PowerPlay Defense
Defense Defense Time % Phy DF OF
1 Jeff Skinner Oliver Ekman-Larsson 60 1 2 2
2 Keith Aulie Marcus Foligno 40 1 2 2
Penalty Kill 4 Players Forward
Center Wing Time % Phy DF OF
1 Steven Stamkos Cal Clutterbuck 60 1 2 2
2 Joe Colborne Marcus Foligno 40 1 2 2
Penalty Kill 4 Players Defense
Defense Defense Time % Phy DF OF
1 Sean Zimmerman Oliver Ekman-Larsson 60 1 2 2
2 Keith Aulie Radko Gudas 40 1 2 2
Penalty Kill - 3 Players Forward
Forward Time % Phy DF OF
1 Cal Clutterbuck 60 1 2 2
2 Joe Colborne 40 1 2 2
Penalty Kill - 3 Players Defense
Defense Defense Time % Phy DF OF
1 Sean Zimmerman Oliver Ekman-Larsson 60 1 2 2
2 Keith Aulie Radko Gudas 40 1 2 2
4 vs 4 Forward
Center Wing Time % Phy DF OF
1 Steven Stamkos Andrew Cogliano 60 1 2 2
2 Derek Stepan Nikita Kucherov 40 1 2 2
4 vs 4 Defense
Defense Defense Time % Phy DF OF
1 Sean Zimmerman Oliver Ekman-Larsson 60 1 2 2
2 Keith Aulie Radko Gudas 40 1 2 2
Last Minutes Offensive
Center Left Wing Right Wing Defense Defense
Steven Stamkos Andrew Cogliano Nikita Kucherov Sean Zimmerman Oliver Ekman-Larsson
Last Minutes Defensive
Center Left Wing Right Wing Defense Defense
Steven Stamkos Andrew Cogliano Cal Clutterbuck Sean Zimmerman Oliver Ekman-Larsson
Goaltenders
Starting : Cam Talbot
Backup : Jacob Markstrom
Extra Forwards
Normal : Andrew Cogliano, Teuvo Teravainen, Marcus Foligno - PP : Teuvo Teravainen, Jeff Skinner - PK : Marcus Foligno
Extra Defensemen
Normal : Sean Zimmerman, Radko Gudas, Olli Maatta - PP : Will Butcher - PK : Radko Gudas, Olli Maatta
Penalty Shots
Steven Stamkos, Nikita Kucherov, Jason Zucker, Teuvo Teravainen, Andrew Cogliano
Scratches
None
Predators
5 vs 5 Forward
Center Left Wing Right Wing Time % Phy DF OF
1 Ryan Kesler Alexander Ovechkin Mikael Granlund 40 1 2 2
2 Andy Miele Jaden Schwartz Brad Boyes 30 1 2 2
3 Jack Eichel Justin Abdelkader Mike Brown 20 2 1 2
4 Scott Laughton Chris Higgins Mark Pysyk 10 1 2 2
5 vs 5 Defense
Defense Defense Time % Phy DF OF
1 Ryan Mcdonagh Alexander Edler 40 1 2 2
2 John Moore Justin Faulk 30 1 2 2
3 Nate Schmidt Denis Grebeshkov 20 1 2 2
4 Ryan Mcdonagh Alexander Edler 10 1 2 2
PowerPlay Forward
Center Left Wing Right Wing Time % Phy DF OF
1 Ryan Kesler Alexander Ovechkin Mikael Granlund 60 1 1 3
2 Andy Miele Jaden Schwartz Brad Boyes 40 1 1 3
PowerPlay Defense
Defense Defense Time % Phy DF OF
1 Ryan Mcdonagh Alexander Edler 60 1 1 3
2 John Moore Justin Faulk 40 1 1 3
Penalty Kill 4 Players Forward
Center Wing Time % Phy DF OF
1 Andy Miele Mark Pysyk 60 1 2 2
2 Jaden Schwartz Mike Brown 40 1 2 2
Penalty Kill 4 Players Defense
Defense Defense Time % Phy DF OF
1 Ryan Mcdonagh Alexander Edler 60 1 2 2
2 John Moore Nate Schmidt 40 1 2 2
Penalty Kill - 3 Players Forward
Forward Time % Phy DF OF
1 Andy Miele 60 1 2 2
2 Jaden Schwartz 40 1 2 2
Penalty Kill - 3 Players Defense
Defense Defense Time % Phy DF OF
1 Ryan Mcdonagh Alexander Edler 60 1 3 1
2 John Moore Nate Schmidt 40 1 3 1
4 vs 4 Forward
Center Wing Time % Phy DF OF
1 Mikael Granlund Alexander Ovechkin 60 1 2 2
2 Ryan Kesler Jaden Schwartz 40 1 2 2
4 vs 4 Defense
Defense Defense Time % Phy DF OF
1 Ryan Mcdonagh Alexander Edler 60 1 2 2
2 John Moore Justin Faulk 40 1 2 2
Last Minutes Offensive
Center Left Wing Right Wing Defense Defense
Ryan Kesler Alexander Ovechkin Mikael Granlund Ryan Mcdonagh Alexander Edler
Last Minutes Defensive
Center Left Wing Right Wing Defense Defense
Andy Miele Jaden Schwartz Mark Pysyk Ryan Mcdonagh Alexander Edler
Goaltenders
Starting : Kari Lehtonen
Backup : Jaroslav Halak
Extra Forwards
Normal : Mike Brown, Andy Miele, Mark Pysyk - PP : Mike Brown, Justin Abdelkader - PK : Brad Boyes
Extra Defensemen
Normal : John Moore, Denis Grebeshkov, Nate Schmidt - PP : Denis Grebeshkov - PK : Denis Grebeshkov, Justin Faulk
Penalty Shots
Alexander Ovechkin, Mikael Granlund, Jaden Schwartz, Ryan Kesler, Ryan Mcdonagh
Scratches
Brendan Gallagher (Lower Body Injury), Byron Bitz (Healthy), Chris Lawrence (Healthy)
% Time on Ice - Penguins
Lines # - Real PCT - Wanted PCT - Time Play
Normal Forward
1 - 35% - 40% - 14:42
2 - 30% - 30% - 12:49
3 - 19% - 20% - 7:57
4 - 17% - 10% - 7:04
Normal Defense
1 - 39% - 40% - 16:43
2 - 34% - 30% - 14:29
3 - 23% - 20% - 9:54
4 - 3% - 10% - 1:26
PP Forward
1 - 58% - 60% - 4:25
2 - 42% - 40% - 3:13
PP Defense
1 - 69% - 60% - 5:16
2 - 31% - 40% - 2:22
PK Forward
1 - 80% - 60% - 6:24
2 - 20% - 40% - 1:36
PK Defense
1 - 62% - 60% - 4:57
2 - 38% - 40% - 3:03
PK3 Forward
1 - 100% - 60% - 1:17
2 - 0% - 40% - 0:00
PK3 Defense
1 - 65% - 60% - 0:50
2 - 35% - 40% - 0:27
44 Forward
1 - 88% - 60% - 4:53
2 - 12% - 40% - 0:40
44 Defense
1 - 56% - 60% - 3:07
2 - 44% - 40% - 2:26
Last Minute Offensive - 0:00
Last Minute Defensive - 0:00
Total
Forward - 65:00
Defense - 65:00
|
% Time on Ice - Predators
Lines # - Real PCT - Wanted PCT - Time Play
Normal Forward
1 - 34% - 40% - 14:39
2 - 28% - 30% - 11:56
3 - 19% - 20% - 8:12
4 - 18% - 10% - 7:45
Normal Defense
1 - 40% - 40% - 16:49
2 - 35% - 30% - 14:46
3 - 22% - 20% - 9:09
4 - 4% - 10% - 1:48
PP Forward
1 - 56% - 60% - 5:14
2 - 44% - 40% - 4:03
PP Defense
1 - 60% - 60% - 5:36
2 - 40% - 40% - 3:41
PK Forward
1 - 72% - 60% - 5:31
2 - 28% - 40% - 2:07
PK Defense
1 - 59% - 60% - 4:30
2 - 41% - 40% - 3:08
PK3 Forward
1 - 0% - 60%
2 - 0% - 40%
PK3 Defense
1 - 0% - 60%
2 - 0% - 40%
44 Forward
1 - 76% - 60% - 4:13
2 - 24% - 40% - 1:20
44 Defense
1 - 60% - 60% - 3:21
2 - 40% - 40% - 2:12
Last Minute Offensive - 0:00
Last Minute Defensive - 0:00
Total
Forward - 65:00
Defense - 65:00
|
Play-by-Play
1st period
0:01 of 1st period - Ryan Kesler wins face-off versus Steven Stamkos in neutral zone.
0:16 of 1st period - Snap shot by Alexander Ovechkin.
0:16 of 1st period - Stopped by Cam Talbot without a rebound.
0:17 of 1st period - Brad Boyes wins face-off versus Derek Stepan in Penguins zone.
1:08 of 1st period - Andrew Cogliano is hit by Ryan Kesler and loses puck.
1:31 of 1st period - Snap shot by Chris Higgins.
1:31 of 1st period - Shot Misses the Net.
1:33 of 1st period - Wrist shot by Ryan Mcdonagh.
1:33 of 1st period - Stopped by Cam Talbot with a rebound.
1:39 of 1st period - Justin Faulk is hit by Marcus Foligno and loses puck.
1:57 of 1st period - Teuvo Teravainen is hit by John Moore.
2:03 of 1st period - Wrist shot by Andy Miele.
2:03 of 1st period - Shot Blocked by Sean Zimmerman.
2:57 of 1st period - Wrist shot by Marcus Foligno.
2:57 of 1st period - Stopped by Kari Lehtonen with a rebound.
2:59 of 1st period - Wrist shot by Brandon Tanev.
2:59 of 1st period - Shot Blocked by Alexander Edler.
3:01 of 1st period - Slapshot by Radko Gudas.
3:01 of 1st period - Shot Misses the Net.
3:03 of 1st period - Wrist shot by Lars Eller.
3:03 of 1st period - Stopped by Kari Lehtonen with a rebound.
3:05 of 1st period - Slapshot by Keith Aulie.
3:05 of 1st period - Stopped by Kari Lehtonen with a rebound.
3:07 of 1st period - Slapshot by Radko Gudas.
3:07 of 1st period - Stopped by Kari Lehtonen without a rebound.
3:08 of 1st period - Andy Miele wins face-off versus Derek Stepan in Predators zone.
3:17 of 1st period - Wrist shot by Brad Boyes.
3:17 of 1st period - Shot Hit the Post.
3:40 of 1st period - Wrist shot by Steven Stamkos.
3:40 of 1st period - Stopped by Kari Lehtonen with a rebound.
3:42 of 1st period - Wrist shot by Steven Stamkos.
3:42 of 1st period - Shot Blocked by Mikael Granlund.
3:44 of 1st period - Slapshot by Oliver Ekman-Larsson.
3:44 of 1st period - Stopped by Kari Lehtonen without a rebound.
3:45 of 1st period - Joe Colborne wins face-off versus Ryan Kesler in Predators zone.
4:08 of 1st period - Minor Penalty to Justin Faulk for Holding.
4:09 of 1st period - Andy Miele wins face-off versus Steven Stamkos in Predators zone.
4:14 of 1st period - Snap shot by Alexander Edler.
4:14 of 1st period - Shot Blocked by Oliver Ekman-Larsson.
6:08 of 1st period - Penalty to Justin Faulk is over, Justin Faulk is back on ice.
6:29 of 1st period - Alexander Ovechkin is hit by Brandon Tanev and loses puck.
6:57 of 1st period - Icing by Alexander Edler.
6:58 of 1st period - Lars Eller wins face-off versus Jack Eichel in Predators zone.
8:03 of 1st period - Slapshot by Jack Eichel.
8:03 of 1st period - Stopped by Cam Talbot without a rebound.
8:04 of 1st period - Derek Stepan wins face-off versus Andy Miele in Penguins zone.
8:56 of 1st period - Wrist shot by Scott Laughton.
8:56 of 1st period - Shot Misses the Net.
9:23 of 1st period - Minor Penalty to Keith Aulie for Roughing.
9:24 of 1st period - Steven Stamkos wins face-off versus Ryan Kesler in Penguins zone.
9:51 of 1st period - Oliver Ekman-Larsson is hit by Brad Boyes and loses puck.
10:05 of 1st period - Minor Penalty to Cal Clutterbuck for Hooking.
10:06 of 1st period - Ryan Kesler wins face-off versus Marcus Foligno in Penguins zone.
10:10 of 1st period - Snap shot by Mikael Granlund.
10:10 of 1st period - Stopped by Cam Talbot with a rebound.
10:12 of 1st period - Snap shot by Mikael Granlund.
10:12 of 1st period - Stopped by Cam Talbot with a rebound.
10:18 of 1st period - Wrist shot by Alexander Ovechkin.
10:18 of 1st period - Stopped by Cam Talbot with a rebound.
10:20 of 1st period - Wrist shot by Alexander Edler.
10:20 of 1st period - Stopped by Cam Talbot without a rebound.
10:21 of 1st period - Marcus Foligno wins face-off versus Ryan Kesler in Penguins zone.
10:26 of 1st period - Snap shot by Marcus Foligno.
10:26 of 1st period - Shot Misses the Net.
10:55 of 1st period - Snap shot by Jaden Schwartz.
10:55 of 1st period - Deflect By Andy Miele.
10:55 of 1st period - Stopped by Cam Talbot without a rebound.
10:56 of 1st period - Marcus Foligno wins face-off versus Ryan Kesler in Penguins zone.
11:23 of 1st period - Penalty to Keith Aulie is over, Keith Aulie is back on ice.
11:40 of 1st period - Wrist shot by Alexander Ovechkin.
11:40 of 1st period - Shot Blocked by Olli Maatta.
12:02 of 1st period - Wrist shot by Steven Stamkos.
12:02 of 1st period - Deflect By Marcus Foligno.
12:02 of 1st period - Shot Misses the Net.
12:02 of 1st period - Puck is out of play.
12:03 of 1st period - Steven Stamkos wins face-off versus Andy Miele in Predators zone.
12:05 of 1st period - Penalty to Cal Clutterbuck is over, Cal Clutterbuck is back on ice.
12:41 of 1st period - Mike Brown is hit by Jason Zucker and loses puck.
12:50 of 1st period - Wrist shot by Teuvo Teravainen.
12:50 of 1st period - Stopped by Kari Lehtonen without a rebound.
12:51 of 1st period - Andy Miele wins face-off versus Joe Colborne in Predators zone.
13:06 of 1st period - Snap shot by Jeff Skinner.
13:06 of 1st period - Shot Misses the Net.
13:08 of 1st period - Wrist shot by Olli Maatta.
13:08 of 1st period - Shot Blocked by Justin Faulk.
13:30 of 1st period - Slapshot by Alexander Ovechkin.
13:30 of 1st period - Stopped by Cam Talbot with a rebound.
13:44 of 1st period - Mike Brown is hit by Andrew Cogliano and loses puck.
13:55 of 1st period - Snap shot by Steven Stamkos.
13:55 of 1st period - Shot Blocked by Ryan Mcdonagh.
14:17 of 1st period - Minor Penalty to Keith Aulie for Roughing.
14:18 of 1st period - Ryan Kesler wins face-off versus Steven Stamkos in Penguins zone.
14:30 of 1st period - Slapshot by Ryan Mcdonagh.
14:30 of 1st period - Goal by Ryan Mcdonagh - Penguins : 0 - Predators : 1.
14:31 of 1st period - Ryan Kesler wins face-off versus Steven Stamkos in neutral zone.
14:34 of 1st period - Oliver Ekman-Larsson is hit by Mikael Granlund and loses puck.
14:57 of 1st period - Derek Stepan is hit by Ryan Mcdonagh and loses puck.
15:02 of 1st period - Wrist shot by Jaden Schwartz.
15:02 of 1st period - Deflect By Andy Miele.
15:02 of 1st period - Stopped by Cam Talbot with a rebound.
15:04 of 1st period - Snap shot by Jaden Schwartz.
15:04 of 1st period - Stopped by Cam Talbot with a rebound.
15:06 of 1st period - Snap shot by John Moore.
15:06 of 1st period - Shot Blocked by Sean Zimmerman.
15:08 of 1st period - Wrist shot by Jaden Schwartz.
15:08 of 1st period - Deflect By Jason Zucker.
15:08 of 1st period - Shot Misses the Net.
15:08 of 1st period - Puck is out of play.
15:09 of 1st period - Steven Stamkos wins face-off versus Ryan Kesler in Penguins zone.
15:09 of 1st period - Steven Stamkos is hit by Mikael Granlund.
15:37 of 1st period - Slapshot by Mike Brown.
15:37 of 1st period - Shot Misses the Net.
16:30 of 1st period - Snap shot by Alexander Ovechkin.
16:30 of 1st period - Shot Misses the Net.
16:42 of 1st period - Slapshot by Derek Stepan.
16:42 of 1st period - Stopped by Kari Lehtonen without a rebound.
16:43 of 1st period - Joe Colborne wins face-off versus Scott Laughton in Predators zone.
16:56 of 1st period - Snap shot by Scott Laughton.
16:56 of 1st period - Stopped by Cam Talbot without a rebound.
16:57 of 1st period - Steven Stamkos wins face-off versus Ryan Kesler in Penguins zone.
17:11 of 1st period - Wrist shot by Steven Stamkos.
17:11 of 1st period - Stopped by Kari Lehtonen without a rebound.
17:12 of 1st period - Derek Stepan wins face-off versus Andy Miele in Predators zone.
17:44 of 1st period - Ryan Mcdonagh is hit by Jason Zucker and loses puck.
17:51 of 1st period - Wrist shot by Jason Zucker.
17:51 of 1st period - Shot Misses the Net.
17:53 of 1st period - Snap shot by Derek Stepan.
17:53 of 1st period - Stopped by Kari Lehtonen with a rebound.
17:55 of 1st period - Wrist shot by Derek Stepan.
17:55 of 1st period - Stopped by Kari Lehtonen with a rebound.
17:57 of 1st period - Snap shot by Derek Stepan.
17:57 of 1st period - Stopped by Kari Lehtonen without a rebound.
17:58 of 1st period - Ryan Kesler wins face-off versus Steven Stamkos in Predators zone.
18:58 of 1st period - Snap shot by Jack Eichel.
18:58 of 1st period - Deflect By Justin Abdelkader.
18:58 of 1st period - Stopped by Cam Talbot with a rebound.
19:16 of 1st period - Snap shot by Andrew Cogliano.
19:16 of 1st period - Stopped by Kari Lehtonen with a rebound.
19:18 of 1st period - Slapshot by Oliver Ekman-Larsson.
19:18 of 1st period - Shot Blocked by Nate Schmidt.
19:20 of 1st period - Snap shot by Andrew Cogliano.
19:20 of 1st period - Shot Misses the Net.
19:43 of 1st period - Minor Penalty to Mikael Granlund for Hooking.
19:44 of 1st period - Andy Miele wins face-off versus Steven Stamkos in Predators zone.
19:55 of 1st period - Snap shot by Andrew Cogliano.
19:55 of 1st period - Shot Misses the Net.
Goals for this period are 0 for Penguins vs 1 for Predators.
Shots for this period are 13 for Penguins vs 14 for Predators.
2nd period
0:01 of 2nd period - Andy Miele wins face-off versus Steven Stamkos in neutral zone.
0:10 of 2nd period - Jeff Skinner is hit by Mark Pysyk and loses puck.
1:09 of 2nd period - Minor Penalty to Oliver Ekman-Larsson for Hooking.
1:10 of 2nd period - Steven Stamkos wins face-off versus Mike Brown in Penguins zone.
1:43 of 2nd period - Penalty to Mikael Granlund is over, Mikael Granlund is back on ice.
1:54 of 2nd period - Slapshot by Justin Faulk.
1:54 of 2nd period - Stopped by Cam Talbot without a rebound.
1:55 of 2nd period - Ryan Kesler wins face-off versus Marcus Foligno in Penguins zone.
2:19 of 2nd period - Icing by Alexander Edler.
2:20 of 2nd period - Steven Stamkos wins face-off versus Andy Miele in Predators zone.
2:40 of 2nd period - Slapshot by Ryan Mcdonagh.
2:40 of 2nd period - Shot Blocked by Sean Zimmerman.
2:42 of 2nd period - Slapshot by Andy Miele.
2:42 of 2nd period - Shot Misses the Net.
2:44 of 2nd period - Slapshot by Jaden Schwartz.
2:44 of 2nd period - Shot Misses the Net.
2:46 of 2nd period - Slapshot by Ryan Mcdonagh.
2:46 of 2nd period - Shot Misses the Net.
2:48 of 2nd period - Wrist shot by Brad Boyes.
2:48 of 2nd period - Shot Misses the Net.
2:50 of 2nd period - Slapshot by Alexander Edler.
2:50 of 2nd period - Deflect By Jaden Schwartz.
2:50 of 2nd period - Shot Misses the Net.
2:50 of 2nd period - Puck is out of play.
2:51 of 2nd period - Ryan Kesler wins face-off versus Steven Stamkos in Penguins zone.
3:06 of 2nd period - Radko Gudas is hit by Alexander Ovechkin and loses puck.
3:09 of 2nd period - Penalty to Oliver Ekman-Larsson is over, Oliver Ekman-Larsson is back on ice.
5:41 of 2nd period - Wrist shot by Jaden Schwartz.
5:41 of 2nd period - Goal by Jaden Schwartz - Penguins : 0 - Predators : 2.
5:42 of 2nd period - Ryan Kesler wins face-off versus Steven Stamkos in neutral zone.
6:16 of 2nd period - Wrist shot by Derek Stepan.
6:16 of 2nd period - Stopped by Kari Lehtonen without a rebound.
6:17 of 2nd period - Steven Stamkos wins face-off versus Andy Miele in Predators zone.
6:20 of 2nd period - Wrist shot by Steven Stamkos.
6:20 of 2nd period - Stopped by Kari Lehtonen without a rebound.
6:21 of 2nd period - Steven Stamkos wins face-off versus Andy Miele in Predators zone.
6:25 of 2nd period - Minor Penalty to Brad Boyes for Roughing.
6:26 of 2nd period - Andy Miele wins face-off versus Nikita Kucherov in Predators zone.
6:40 of 2nd period - Wrist shot by Steven Stamkos.
6:40 of 2nd period - Goal by Steven Stamkos - Penguins : 1 - Predators : 2.
6:41 of 2nd period - Andrew Cogliano wins face-off versus Ryan Kesler in neutral zone.
7:12 of 2nd period - Justin Faulk is hit by Teuvo Teravainen and loses puck.
7:32 of 2nd period - Minor Penalty to Keith Aulie for Roughing.
7:33 of 2nd period - Steven Stamkos wins face-off versus Ryan Kesler in Penguins zone.
8:58 of 2nd period - Sean Zimmerman is hit by Andy Miele.
9:02 of 2nd period - Alexander Edler is hit by Andrew Cogliano and loses puck.
9:32 of 2nd period - Penalty to Keith Aulie is over, Keith Aulie is back on ice.
10:02 of 2nd period - Olli Maatta is hit by Jack Eichel and loses puck.
10:27 of 2nd period - Lars Eller is hit by Scott Laughton and loses puck.
10:54 of 2nd period - Brandon Tanev is hit by Andy Miele and loses puck.
11:09 of 2nd period - Slapshot by Sean Zimmerman.
11:09 of 2nd period - Shot Blocked by Justin Abdelkader.
11:50 of 2nd period - Icing by Keith Aulie.
11:51 of 2nd period - Andy Miele wins face-off versus Derek Stepan in Penguins zone.
12:16 of 2nd period - Backhand shot by Teuvo Teravainen.
12:16 of 2nd period - Goal by Teuvo Teravainen - Penguins : 2 - Predators : 2.
12:17 of 2nd period - Mikael Granlund wins face-off versus Steven Stamkos in neutral zone.
12:34 of 2nd period - Backhand shot by Steven Stamkos.
12:34 of 2nd period - Shot Misses the Net.
12:56 of 2nd period - Snap shot by Jaden Schwartz.
12:56 of 2nd period - Stopped by Cam Talbot with a rebound.
14:33 of 2nd period - Chris Higgins is hit by Derek Stepan and loses puck.
14:54 of 2nd period - Scott Laughton is hit by Nikita Kucherov and loses puck.
15:44 of 2nd period - Snap shot by Teuvo Teravainen.
15:44 of 2nd period - Stopped by Kari Lehtonen with a rebound.
15:46 of 2nd period - Slapshot by Olli Maatta.
15:46 of 2nd period - Stopped by Kari Lehtonen without a rebound.
15:47 of 2nd period - Derek Stepan wins face-off versus Andy Miele in Predators zone.
15:59 of 2nd period - Off-side.
16:00 of 2nd period - Andrew Cogliano wins face-off versus Ryan Kesler in neutral zone.
16:05 of 2nd period - Snap shot by Steven Stamkos.
16:05 of 2nd period - Shot Blocked by Alexander Ovechkin.
16:35 of 2nd period - Wrist shot by Joe Colborne.
16:35 of 2nd period - Stopped by Kari Lehtonen with a rebound.
16:37 of 2nd period - Snap shot by Cal Clutterbuck.
16:37 of 2nd period - Stopped by Kari Lehtonen without a rebound.
16:38 of 2nd period - Ryan Kesler wins face-off versus Steven Stamkos in Predators zone.
17:02 of 2nd period - Andrew Cogliano is hit by Ryan Kesler and loses puck.
17:13 of 2nd period - Andrew Cogliano is hit by Justin Faulk and loses puck.
17:24 of 2nd period - Alexander Ovechkin is hit by Sean Zimmerman and loses puck.
17:37 of 2nd period - Wrist shot by Steven Stamkos.
17:37 of 2nd period - Shot Blocked by Justin Faulk.
17:39 of 2nd period - Backhand shot by Nikita Kucherov.
17:39 of 2nd period - Goal by Nikita Kucherov - Penguins : 3 - Predators : 2.
17:40 of 2nd period - Andy Miele wins face-off versus Jason Zucker in neutral zone.
19:14 of 2nd period - Wrist shot by Derek Stepan.
19:14 of 2nd period - Stopped by Kari Lehtonen without a rebound.
19:15 of 2nd period - Andy Miele wins face-off versus Steven Stamkos in Predators zone.
19:22 of 2nd period - Slapshot by Alexander Edler.
19:22 of 2nd period - Stopped by Cam Talbot without a rebound.
19:23 of 2nd period - Andy Miele wins face-off versus Steven Stamkos in Penguins zone.
19:30 of 2nd period - Slapshot by Ryan Mcdonagh.
19:30 of 2nd period - Shot Misses the Net.
19:32 of 2nd period - Wrist shot by Brad Boyes.
19:32 of 2nd period - Shot Misses the Net.
19:34 of 2nd period - Slapshot by Brad Boyes.
19:34 of 2nd period - Stopped by Cam Talbot with a rebound.
19:40 of 2nd period - Snap shot by Jaden Schwartz.
19:40 of 2nd period - Shot Misses the Net.
19:42 of 2nd period - Snap shot by Jaden Schwartz.
19:42 of 2nd period - Stopped by Cam Talbot with a rebound.
19:52 of 2nd period - Wrist shot by Andy Miele.
19:52 of 2nd period - Shot Misses the Net.
19:54 of 2nd period - Snap shot by Jaden Schwartz.
19:54 of 2nd period - Shot Blocked by Andrew Cogliano.
19:56 of 2nd period - Backhand shot by Ryan Mcdonagh.
19:56 of 2nd period - Deflect By Steven Stamkos.
19:56 of 2nd period - Stopped by Cam Talbot with a rebound.
19:58 of 2nd period - Snap shot by Brad Boyes.
19:58 of 2nd period - Shot Blocked by Sean Zimmerman.
Goals for this period are 3 for Penguins vs 1 for Predators.
Shots for this period are 10 for Penguins vs 7 for Predators.
3rd period
0:01 of 3rd period - Alexander Ovechkin wins face-off versus Steven Stamkos in neutral zone.
1:11 of 3rd period - Ryan Mcdonagh is hit by Lars Eller and loses puck.
1:36 of 3rd period - Wrist shot by Nikita Kucherov.
1:36 of 3rd period - Shot Misses the Net.
2:28 of 3rd period - Wrist shot by Chris Higgins.
2:28 of 3rd period - Stopped by Cam Talbot with a rebound.
2:30 of 3rd period - Slapshot by Nate Schmidt.
2:30 of 3rd period - Stopped by Cam Talbot with a rebound.
2:32 of 3rd period - Slapshot by Nate Schmidt.
2:32 of 3rd period - Deflect By Mark Pysyk.
2:32 of 3rd period - Shot Blocked by Sean Zimmerman.
2:32 of 3rd period - Puck is out of play.
2:33 of 3rd period - Scott Laughton wins face-off versus Steven Stamkos in Penguins zone.
3:00 of 3rd period - Jason Zucker is hit by Ryan Kesler and loses puck.
3:05 of 3rd period - Slapshot by Alexander Ovechkin.
3:05 of 3rd period - Deflect By Mikael Granlund.
3:05 of 3rd period - Shot Hit the Post.
3:05 of 3rd period - Puck is out of play.
3:06 of 3rd period - Derek Stepan wins face-off versus Ryan Kesler in Penguins zone.
3:06 of 3rd period - Derek Stepan is hit by Alexander Ovechkin.
4:53 of 3rd period - Keith Aulie is hit by Chris Higgins and loses puck.
5:14 of 3rd period - Jaden Schwartz is hit by Keith Aulie.
5:25 of 3rd period - Joe Colborne is hit by John Moore and loses puck.
5:41 of 3rd period - Ryan Kesler is hit by Olli Maatta.
6:14 of 3rd period - Wrist shot by Brandon Tanev.
6:14 of 3rd period - Shot Misses the Net.
6:16 of 3rd period - Snap shot by Brandon Tanev.
6:16 of 3rd period - Shot Misses the Net.
6:18 of 3rd period - Slapshot by Radko Gudas.
6:18 of 3rd period - Shot Blocked by Ryan Mcdonagh.
6:20 of 3rd period - Snap shot by Marcus Foligno.
6:20 of 3rd period - Stopped by Kari Lehtonen with a rebound.
6:35 of 3rd period - Minor Penalty to Radko Gudas for Hooking.
6:36 of 3rd period - Steven Stamkos wins face-off versus Ryan Kesler in Penguins zone.
6:41 of 3rd period - Icing by Justin Faulk.
6:42 of 3rd period - Ryan Kesler wins face-off versus Steven Stamkos in Predators zone.
7:14 of 3rd period - Off-side.
7:15 of 3rd period - Ryan Kesler wins face-off versus Joe Colborne in neutral zone.
7:28 of 3rd period - Off-side.
7:29 of 3rd period - Ryan Kesler wins face-off versus Steven Stamkos in neutral zone.
7:32 of 3rd period - Slapshot by Ryan Mcdonagh.
7:32 of 3rd period - Shot Blocked by Oliver Ekman-Larsson.
7:34 of 3rd period - Slapshot by Alexander Edler.
7:34 of 3rd period - Goal by Alexander Edler - Penguins : 3 - Predators : 3.
7:35 of 3rd period - Ryan Kesler wins face-off versus Steven Stamkos in neutral zone.
8:02 of 3rd period - Jaden Schwartz is hit by Derek Stepan and loses puck.
8:28 of 3rd period - Justin Faulk is hit by Radko Gudas and loses puck.
9:16 of 3rd period - Wrist shot by Chris Higgins.
9:16 of 3rd period - Shot Misses the Net.
9:18 of 3rd period - Snap shot by Scott Laughton.
9:18 of 3rd period - Stopped by Cam Talbot without a rebound.
9:19 of 3rd period - Andy Miele wins face-off versus Steven Stamkos in Penguins zone.
9:45 of 3rd period - Mikael Granlund is hit by Jason Zucker and loses puck.
10:12 of 3rd period - Slapshot by Ryan Mcdonagh.
10:12 of 3rd period - Shot Misses the Net.
10:16 of 3rd period - Slapshot by Justin Abdelkader.
10:16 of 3rd period - Stopped by Cam Talbot with a rebound.
10:49 of 3rd period - Snap shot by Jaden Schwartz.
10:49 of 3rd period - Stopped by Cam Talbot with a rebound.
11:14 of 3rd period - Wrist shot by Jason Zucker.
11:14 of 3rd period - Stopped by Kari Lehtonen with a rebound.
11:16 of 3rd period - Slapshot by Radko Gudas.
11:16 of 3rd period - Stopped by Kari Lehtonen with a rebound.
11:33 of 3rd period - Slapshot by Sean Zimmerman.
11:33 of 3rd period - Shot Blocked by John Moore.
11:35 of 3rd period - Wrist shot by Oliver Ekman-Larsson.
11:35 of 3rd period - Stopped by Kari Lehtonen without a rebound.
11:36 of 3rd period - Ryan Kesler wins face-off versus Steven Stamkos in Predators zone.
11:43 of 3rd period - Snap shot by Andrew Cogliano.
11:43 of 3rd period - Shot Blocked by Nate Schmidt.
11:45 of 3rd period - Slapshot by Oliver Ekman-Larsson.
11:45 of 3rd period - Stopped by Kari Lehtonen without a rebound.
11:46 of 3rd period - Ryan Kesler wins face-off versus Steven Stamkos in Predators zone.
12:02 of 3rd period - Minor Penalty to Nate Schmidt for Holding Stick.
12:03 of 3rd period - Steven Stamkos wins face-off versus Andy Miele in Predators zone.
12:07 of 3rd period - Slapshot by Andrew Cogliano.
12:07 of 3rd period - Stopped by Kari Lehtonen without a rebound.
12:08 of 3rd period - Steven Stamkos wins face-off versus Andy Miele in Predators zone.
12:09 of 3rd period - Snap shot by Nikita Kucherov.
12:09 of 3rd period - Stopped by Kari Lehtonen without a rebound.
12:10 of 3rd period - Andy Miele wins face-off versus Steven Stamkos in Predators zone.
12:49 of 3rd period - Wrist shot by Steven Stamkos.
12:49 of 3rd period - Shot Blocked by Jaden Schwartz.
12:55 of 3rd period - Wrist shot by Steven Stamkos.
12:55 of 3rd period - Shot Misses the Net.
12:57 of 3rd period - Wrist shot by Nikita Kucherov.
12:57 of 3rd period - Shot Misses the Net.
12:59 of 3rd period - Backhand shot by Oliver Ekman-Larsson.
12:59 of 3rd period - Stopped by Kari Lehtonen without a rebound.
13:00 of 3rd period - Derek Stepan wins face-off versus Andy Miele in Predators zone.
13:26 of 3rd period - Jason Zucker is hit by Jaden Schwartz and loses puck.
14:02 of 3rd period - Penalty to Nate Schmidt is over, Nate Schmidt is back on ice.
14:17 of 3rd period - Icing by Nate Schmidt.
14:18 of 3rd period - Joe Colborne wins face-off versus Brad Boyes in Predators zone.
14:23 of 3rd period - Snap shot by Cal Clutterbuck.
14:23 of 3rd period - Shot Blocked by John Moore.
14:27 of 3rd period - Snap shot by Cal Clutterbuck.
14:27 of 3rd period - Shot Misses the Net.
14:43 of 3rd period - Snap shot by Justin Abdelkader.
14:43 of 3rd period - Shot Misses the Net.
14:45 of 3rd period - Snap shot by Justin Abdelkader.
14:45 of 3rd period - Stopped by Cam Talbot with a rebound.
14:47 of 3rd period - Backhand shot by John Moore.
14:47 of 3rd period - Stopped by Cam Talbot with a rebound.
15:13 of 3rd period - Minor Penalty to Scott Laughton for High sticking.
15:14 of 3rd period - Andy Miele wins face-off versus Steven Stamkos in Predators zone.
15:14 of 3rd period - Andy Miele is hit by Jeff Skinner.
15:25 of 3rd period - Snap shot by Andrew Cogliano.
15:25 of 3rd period - Stopped by Kari Lehtonen without a rebound.
15:26 of 3rd period - Andy Miele wins face-off versus Steven Stamkos in Predators zone.
17:13 of 3rd period - Penalty to Scott Laughton is over, Scott Laughton is back on ice.
17:45 of 3rd period - Minor Penalty to Derek Stepan for Hooking.
17:46 of 3rd period - Steven Stamkos wins face-off versus Ryan Kesler in Penguins zone.
17:46 of 3rd period - Steven Stamkos is hit by Ryan Mcdonagh.
18:34 of 3rd period - Steven Stamkos is hit by Brad Boyes and loses puck.
19:45 of 3rd period - Penalty to Derek Stepan is over, Derek Stepan is back on ice.
19:58 of 3rd period - Nikita Kucherov is hit by Justin Faulk and loses puck.
Goals for this period are 0 for Penguins vs 1 for Predators.
Shots for this period are 9 for Penguins vs 8 for Predators.
Overtime #1
0:01 of 1st overtime period - Mikael Granlund wins face-off versus Steven Stamkos in neutral zone.
0:44 of 1st overtime period - Snap shot by Ryan Kesler.
0:44 of 1st overtime period - Shot Misses the Net.
0:46 of 1st overtime period - Snap shot by Ryan Kesler.
0:46 of 1st overtime period - Shot Misses the Net.
1:52 of 1st overtime period - Justin Faulk is hit by Sean Zimmerman and loses puck.
2:22 of 1st overtime period - Oliver Ekman-Larsson is hit by Alexander Edler and loses puck.
2:57 of 1st overtime period - Keith Aulie is hit by Ryan Mcdonagh and loses puck.
3:18 of 1st overtime period - Teuvo Teravainen is hit by Jaden Schwartz and loses puck.
4:11 of 1st overtime period - Slapshot by Jaden Schwartz.
4:11 of 1st overtime period - Stopped by Cam Talbot with a rebound.
4:13 of 1st overtime period - Slapshot by John Moore.
4:13 of 1st overtime period - Shot Blocked by Derek Stepan.
4:15 of 1st overtime period - Snap shot by Ryan Kesler.
4:15 of 1st overtime period - Shot Blocked by Andrew Cogliano.
Goals for this period are 0 for Penguins vs 0 for Predators.
Shots for this period are 0 for Penguins vs 1 for Predators.
ShootOut
5:00 of 1st overtime period - Round #1.
5:00 of 1st overtime period - Penguins, Steven Stamkos.
5:00 of 1st overtime period - Deke by Steven Stamkos.
5:00 of 1st overtime period - Shot Misses the Net.
5:00 of 1st overtime period - Predators, Alexander Ovechkin.
5:00 of 1st overtime period - Wrist shot by Alexander Ovechkin.
5:00 of 1st overtime period - Goal by Alexander Ovechkin.
5:00 of 1st overtime period - Round #2.
5:00 of 1st overtime period - Penguins, Nikita Kucherov.
5:00 of 1st overtime period - Wrist shot by Nikita Kucherov.
5:00 of 1st overtime period - Shot Misses the Net.
5:00 of 1st overtime period - Predators, Mikael Granlund.
5:00 of 1st overtime period - Wrist shot by Mikael Granlund.
5:00 of 1st overtime period - Goal by Mikael Granlund.
5:00 of 1st overtime period - Round #3.
Output by the SimonT Hockey Simulator (STHS) for Francois Prevost